AoeStats
← Bandolero

Arabia

510098325Analyzed
4v4 RM · 1d ago on Sep 29, 2026· 29m 36s· 8 players
Game mode
Random Map
Map size
Large (8 player)
Population
200
Speed
Normal
Resources
Standard
Victory
Conquest
Starting age
Dark Age
Ending age
Imperial Age
RankedLock teamsTeams togetherTeam positionsShared explorationLock speedFull tech treeHidden civsTurbo modeCheats
Victory
Defeat
🇦🇷 Shu · Argentina
1818
+12
🇨🇳 Ethiopians · China
1792
+13
🇨🇳 Khmer · China
1788
+13
🇨🇳 Varangians · China
1674
+19
🇦🇷 Maya · Argentina
1859
-19
🇺🇾 Franks · Uruguay
1789
-17
🇦🇷 Magyars · Argentina
1678
-12
🇦🇷 Vietnamese · Argentina
1582
-9
冥想控
4:47 Loom
8:55 Feudal Age
13:39 Double-Bit Axe
14:32 Town Watch
17:08 Fletching
20:43 Padded Archer Armor
23:44 Castle Age
23:08 Horse Collar
23:19 Gold Mining
23:54 Crossbowman
24:30 Bodkin Arrow
24:48 Bow Saw
qeozouwajqnl
5:30 Loom
8:57 Feudal Age
9:27 Double-Bit Axe
11:26 Fletching
15:29 Padded Archer Armor
21:29 Castle Age
20:02 Gold Mining
19:53 Horse Collar
21:32 Crossbowman
22:08 Bodkin Arrow
22:24 Bow Saw
24:24 Wheelbarrow
23:34 Town Watch
25:35 Ballistics
26:51 Thumb Ring
27:18 Leather Archer Armor
TS-精锐狐狐
6:19 Loom
8:30 Feudal Age
18:53 Scale Barding Armor
18:58 Forging
19:42 Double-Bit Axe
19:43 Horse Collar
25:32 Castle Age
24:33 Bloodlines
24:54 Gold Mining
27:11 Chain Barding Armor
28:12 Iron Casting
27:30 Town Watch
30:03 Wheelbarrow
BiliBili风间
6:10 Loom
8:56 Feudal Age
9:33 Double-Bit Axe
10:32 Bloodlines
12:29 Scale Barding Armor
15:53 Horse Collar
16:48 Forging
19:39 Wheelbarrow
22:53 Castle Age
21:35 Gold Mining
26:02 Bow Saw
25:44 Light Cavalry
27:46 Chain Barding Armor
DS_Alec
8:46 Feudal Age
8:04 Loom
9:31 Double-Bit Axe
11:38 Forging
16:35 Scale Barding Armor
20:01 Wheelbarrow
23:34 Castle Age
23:38 Light Cavalry
28:15 Chain Barding Armor
~BroKen~
6:13 Loom
8:29 Feudal Age
9:02 Double-Bit Axe
13:06 Horse Collar
16:44 Scale Barding Armor
18:34 Bloodlines
22:58 Town Watch
23:49 Wheelbarrow
25:59 Town Watch
30:21 Castle Age
Bandolero
6:27 Loom
9:14 Feudal Age
16:44 Fletching
20:09 Padded Archer Armor
24:49 Castle Age
23:34 Gold Mining
24:50 Crossbowman
25:30 Bodkin Arrow
29:36 Wheelbarrow
29:35 Leather Archer Armor
Lea
0:26 Loom
10:03 Feudal Age
15:40 Fletching
16:00 Double-Bit Axe
21:00 Castle Age
19:17 Gold Mining
21:36 Bodkin Arrow
21:05 Crossbowman
23:30 Ballistics
29:04 Horse Collar
29:35 Bow Saw
Connection lost

Rejoining the realm…

Still unreachable

The connection could not be restored.

Session expired

The server has moved on; the page needs a fresh start.